[Event "Late-Titled-Tuesday-Blitz-March-12-2024"]
[Site "Chess.com"]
[Date "2024.03.12"]
[Round "7"]
[White "SchmakAttack"]
[Black "yosephtaher"]
[Result "1-0"]
[WhiteElo "2833"]
[BlackElo "2969"]
[TimeControl "180+1"]
[EndTime "15:16:30 PDT"]
[Termination "SchmakAttack won by resignation"]

1. c4 e5 2. Nc3 Nf6 3. Nf3 Nc6 4. d3 d5 5. cxd5 Nxd5 6. Bd2 f6 7. g3 Be6 8. Bg2 Qd7 9. O-O h5 10. Rc1 h4 11. Nxh4 O-O-O 12. Ng6 Rh7 13. Ne4 Bh3 14. Bh1 Bxf1 15. Qxf1 Be7 16. Nc5 Bxc5 17. Rxc5 Nde7 18. Nxe7+ Qxe7 19. Rxc6 bxc6 20. Be4 Rh5 21. Qc1 Qe6 22. Qc5 Qxa2 23. Qxc6 Qa1+ 24. Kg2 Rxh2+ 25. Kf3 Qxb2 26. Ba5 Rxd3+ 27. Bxd3 e4+ 28. Bxe4 Qa3+ 29. e3 Kd8 30. Bxc7+ Ke7 31. Bf5 Qb3 32. Qd7+ Kf8 33. Bd6+ Kg8 34. Be6+ 1-0

[Event "Late-Titled-Tuesday-Blitz-March-12-2024"]
[Site "Chess.com"]
[Date "2024.03.12"]
[Round "7"]
[White "Eloist"]
[Black "Alex_Banzea"]
[Result "1-0"]
[WhiteElo "2480"]
[BlackElo "2647"]
[TimeControl "180+1"]
[EndTime "15:16:30 PDT"]
[Termination "Eloist won by checkmate"]

1. e4 c6 2. Nf3 d5 3. d3 g6 4. e5 Bg4 5. Nbd2 c5 6. h3 Bxf3 7. Nxf3 Nc6 8. c3 e6 9. d4 cxd4 10. cxd4 Bb4+ 11. Bd2 Qa5 12. a3 Bxd2+ 13. Qxd2 Qxd2+ 14. Kxd2 Nge7 15. Bd3 Kd7 16. b4 h6 17. Rhc1 Rac8 18. Rc3 Nb8 19. Bb5+ Nec6 20. Rac1 Rc7 21. Ba4 a6 22. Kd3 Rhc8 23. Nd2 Kd8 24. Bd1 Ne7 25. Nb3 Rxc3+ 26. Rxc3 Rxc3+ 27. Kxc3 b6 28. Be2 Kc7 29. Bd3 Kb7 30. f4 Nbc6 31. Nd2 Nb8 32. g4 Kc7 33. Nf3 Kb7 34. Nh4 Kc7 35. f5 gxf5 36. gxf5 Nxf5 37. Bxf5 exf5 38. Nxf5 h5 39. Ng7 h4 40. Nf5 Kd7 41. Nxh4 Ke6 42. Kd3 Nc6 43. Ke3 f6 44. Nf3 fxe5 45.
Nxe5 Ne7 46. Kf4 Nf5 47. Nf3 Nd6 48. a4 Nc4 49. h4 Nb2 50. h5 Nxa4 51. Kg5 Kf7 52. Ne5+ Kg8 53. Kg6 Nc3 54. h6 Ne4 55.
h7+ Kh8 56. Nf7# 1-0

[Event "Late-Titled-Tuesday-Blitz-March-12-2024"]
[Site "Chess.com"]
[Date "2024.03.12"]
[Round "7"]
[White "lamomiajunior"]
[Black "GlavkonVVS"]
[Result "1-0"]
[WhiteElo "2787"]
[BlackElo "2606"]
[TimeControl "180+1"]
[EndTime "15:16:31 PDT"]
[Termination "lamomiajunior won by checkmate"]

1. d4 Nf6 2. c4 c5 3. d5 e6 4.
Nc3 exd5 5. cxd5 d6 6. e4 g6 7. f4 Bg7 8. Bb5+ Nfd7 9. a4 O-O 10. Nf3 Na6 11. O-O Nb4 12. h3 a6 13. Bc4 Re8 14.
Re1 Rb8 15. Be3 Nf6 16. Bf2 Bd7 17. a5 Bb5 18. Bxb5 axb5 19. Qd2 c4 20. Bb6 Qd7 21. e5 Nh5 22. g4 Nd3 23. gxh5 Qxh3 24. Qg2 Qxh5 25.
e6 fxe6 26. dxe6 Nxf4 27. Qg3 Nd3 28. Re2 Rf8 29. Rf1 Rf5 30. e7 Re8 31. Rh2 Be5 32.
Rxh5 Bxg3 33. Rxf5 gxf5 34. Nd4 Be5 35. Nxf5 b4 36.
Ne4 Nxb2 37. Bd8 c3 38. Nfxd6 Bxd6 39. Nxd6 c2 40. Nxe8 Nd1 41. Nf6+ Kg7 42. e8=Q c1=Q 43. Qg8+ Kh6 44. Qxh7+ Kg5 45. Qh5# 1-0

[Event "Late-Titled-Tuesday-Blitz-March-12-2024"]
[Site "Chess.com"]
[Date "2024.03.12"]
[Round "7"]
[White "mightysmasher"]
[Black "Szparu"]
[Result "0-1"]
[WhiteElo "2596"]
[BlackElo "2797"]
[TimeControl "180+1"]
[EndTime "15:16:31 PDT"]
[Termination "Szparu won by checkmate"]

1. e4 c5 2. c3 e6 3. d4 d5 4. exd5 exd5 5. Nf3 Nc6 6. Bb5 Nf6 7. O-O Bd6 8. dxc5 Bxc5 9. Bg5 Be6 10. Nd4 O-O 11.
Nxe6 fxe6 12. Bd3 h6 13. Bh4 Qb6 14. Qe2 e5 15. a3 e4 16. Bb5 Ne5 17. b4 Bd6 18. Bg3 Rac8 19. Ba4 Nd3 20. Bc2 Bxg3 21. hxg3 Ne5 22. Bb3 Kh8 23. Ra2 Nd3 24. Bc2 Ne5 25. Bb3 Rc7 26. Rd2 Nfg4 27. Bxd5 Re7 28. Bxe4 Ref7 29.
Bc2 Rxf2 30. Rxf2 Rxf2 31. Qxf2 Nxf2 32. Re2 Nfg4+ 33. Kh1 Qf6 34. Re1 Qf2 35. Rd1 Qxc2 36. Rf1 Qd3 37. Re1 Qxg3 38. Rxe5 Qh2# 0-1

[Event "Late-Titled-Tuesday-Blitz-March-12-2024"]
[Site "Chess.com"]
[Date "2024.03.12"]
[Round "7"]
[White "GoValya"]
[Black "GilbertoHernandezAmura"]
[Result "0-1"]
[WhiteElo "2261"]
[BlackElo "2444"]
[TimeControl "180+1"]
[EndTime "15:16:31 PDT"]
[Termination "GilbertoHernandezAmura won on time"]

1. d4 Nf6 2. Nf3 d5 3. c4 c6 4. Nc3 g6 5. g3 Bg7 6. Bg2 O-O 7. O-O Nbd7 8. b3 dxc4 9. bxc4 Nb6 10. Qd3 Be6 11. Nd2 Qc7 12. e4 Rad8 13. f4 Nfd7 14. d5 cxd5 15. exd5 Bf5 16. Qf3 Nxc4 17. Nxc4 Qxc4 18.
Bb2 Nc5 19. Rad1 Nd3 20. Rxd3 Bxd3 21. Rc1 Bf5 22. Ne2 Qxa2 23. Bxg7 Kxg7 24. g4 Bd7 25. f5 Qb2 26. Rf1 Qe5 27. Kh1 b5 28. Nf4 b4 0-1

[Event "Late-Titled-Tuesday-Blitz-March-12-2024"]
[Site "Chess.com"]
[Date "2024.03.12"]
[Round "7"]
[White "Misterfox120"]
[Black "EsmeraldasAnderson03"]
[Result "0-1"]
[WhiteElo "2391"]
[BlackElo "2575"]
[TimeControl "180+1"]
[EndTime "15:16:34 PDT"]
[Termination "EsmeraldasAnderson03 won by checkmate"]

1. d4 d5 2. Bf4 e6 3. e3 Bd6 4. Bxd6 Qxd6 5. Nf3 Nf6 6. c4 O-O 7. Nc3 a6 8. c5 Qe7 9. b4 c6 10. Be2 Nbd7 11. O-O e5 12. dxe5 Nxe5 13. Nxe5 Qxe5 14. Qd4 Qg5 15. Bf3 Bf5 16. a4 h5 17. h4 Qg6 18. Ne2 Bg4 19. Bxg4 Nxg4 20. Nf4 Qf5 21. b5 Rfe8 22. Qd3 Qf6 23. g3 g6 24. Rfb1 Ne5 25. Qe2 axb5 26. axb5 Rxa1 27. Rxa1 Nf3+ 28. Qxf3 Qxa1+ 29.
Kg2 Qe5 30. bxc6 bxc6 31. Ne2 Qe4 32. Nd4 Rc8 33. Qxe4 dxe4 34. f3 exf3+ 35. Kxf3 Kf8 36. e4 Ke7 37. e5 Kd7 38. Ke4 Ra8 39. Nf3 Ra4+ 40. Ke3 Ra3+ 41. Kf4 Rc3 42. Ng5 Ke7 43. Ne4 Rc1 44. Ke3 Ke6 45. Ng5+ Kxe5 46. Nxf7+ Kf6 47. Nd6 Ke6 48. Ne4 Ke5 49. Kd3 Rd1+ 50. Ke2 Kxe4 51.
Kxd1 Kd5 52. Kc2 Kxc5 53. Kc3 Kd5 54. Kd3 c5 55. Kc3 c4 56. Kc2 Kd4 57. Kd2 Ke4 58.
Kc3 Kf3 59. Kxc4 Kxg3 60. Kd3 Kxh4 61. Ke2 Kg3 62. Kf1 Kh2 63. Kf2 g5 64. Kf3 g4+ 65.
Kf4 g3 66. Kg5 g2 67. Kh6 g1=Q 68. Kh7 Qg3 69. Kh8 Kg2 70. Kh7 Kf3 71. Kh6 Kf4 72.
Kxh5 Kf5 73. Kh6 Qg6# 0-1

[Event "Late-Titled-Tuesday-Blitz-March-12-2024"]
[Site "Chess.com"]
[Date "2024.03.12"]
[Round "7"]
[White "DonBroca"]
[Black "VD_coach"]
[Result "0-1"]
[WhiteElo "2248"]
[BlackElo "2494"]
[TimeControl "180+1"]
[EndTime "15:16:34 PDT"]
[Termination "VD_coach won by resignation"]

1. e4 c5 2. c3 d6 3. d4 Nf6 4. Bd3 Nc6 5. Ne2 e5 6. O-O Be7 7. h3 O-O 8. Be3 d5 9. exd5 Nxd5 10. Be4 exd4 11. cxd4 Nxe3 12. fxe3 cxd4 13. Nxd4 Nxd4 14. Qxd4 Qxd4 15. exd4 Bf6 16. Rd1 Rd8 17. Nc3 Bxd4+ 18. Kh1 Be6 19. Bxb7 Rab8 20. Nb5 Bxb2 21. Rxd8+ Rxd8 22. Rb1 Bf6 23. a4 a5 24. Nc7 Ba2 25. Re1 h5 26. Bc6 g6 27. Re8+ Rxe8 28. Nxe8 Be5 29. Kg1 f5 30. Kf2 Bf7 31. g4 hxg4 32. hxg4 fxg4 33.
Ke3 Kf8 34. Ke4 Bxe8 35. Bxe8 Kxe8 36. Kxe5 g3 0-1

[Event "Late-Titled-Tuesday-Blitz-March-12-2024"]
[Site "Chess.com"]
[Date "2024.03.12"]
[Round "7"]
[White "PoXerStar"]
[Black "Byniolus"]
[Result "0-1"]
[WhiteElo "2381"]
[BlackElo "2772"]
[TimeControl "180+1"]
[EndTime "15:16:35 PDT"]
[Termination "Byniolus won on time"]

1. d4 d6 2. e4 g6 3. Nc3 a6 4. a4 b6 5. Nf3 e6 6. h3 c6 7.
Bd3 f6 8. O-O Ne7 9. e5 dxe5 10.
dxe5 f5 11. Bg5 Bg7 12. Qc1 h6 13. Bf6 O-O 14. Ne2 Nd7 15. Bxg7 Kxg7 16. Nf4 Nc5 17. Bc4 Nd5 18. Rd1 Qe7 19. Be2 a5 20. c4 Nb3 21.
Nxd5 cxd5 22. Qf4 Nxa1 23. cxd5 Nb3 24. d6 Qf7 25. Bb5 Nc5 26. Nd4 Bd7 27. Bxd7 Qxd7 28. Nb5 Rac8 29. h4 Rfd8 30. h5 g5 31. Qg3 Nxa4 32.
Nd4 Nc5 33. f4 g4 34. Qh4 Qf7 35.
Ne2 Ne4 36. d7 Rxd7 37. Rxd7 Qxd7 38. Ng3 Qd8 0-1

[Event "Late-Titled-Tuesday-Blitz-March-12-2024"]
[Site "Chess.com"]
[Date "2024.03.12"]
[Round "7"]
[White "baki83"]
[Black "Bryanl106"]
[Result "0-1"]
[WhiteElo "2831"]
[BlackElo "2675"]
[TimeControl "180+1"]
[EndTime "15:16:37 PDT"]
[Termination "Bryanl106 won by checkmate"]

1. e4 e5 2. Nf3 Nc6 3. Bb5 Nf6 4. O-O Nxe4 5. Re1 Nd6 6. Nxe5 Nxe5 7. Rxe5+ Be7 8. Bf1 O-O 9. Nc3 Bf6 10. Re1 c6 11. d4 Nf5 12. d5 d6 13. Ne4 Be5 14. g3 cxd5 15. Ng5 d4 16. Bg2 h6 17. Ne4 Qb6 18. Kh1 d5 19. Nd2 Qd6 20. Nf3 Bf6 21.
Qd3 Bd7 22. Bd2 Rfe8 23. a3 Qb6 24. b3 Nd6 25. a4 Ne4 26. Kg1 Rac8 27. Rac1 Bf5 28. a5 Qc5 29. Qf1 Nxd2 30. Rxe8+ Rxe8 31. Nxd2 Bxc2 32. b4 Qc6 33. Bxd5 Qxd5 34. Rxc2 d3 35.
Rc5 Qd4 36. Rc4 Qd7 37. Ne4 Be7 38. Qd1 Rd8 39. Nd2 b5 40. axb6 axb6 41. Rg4 Kh8 42. h4 f5 43. Rg6 Bxb4 44. Nf3 Bc5 45. Kh2 Qd5 46. Qa1 Bd4 47. Qd1 Bf6 48. Kh3 Qf7 49. h5 d2 50. Nxd2 Qd5 51. Qa4 Qh1# 0-1

[Event "Late-Titled-Tuesday-Blitz-March-12-2024"]
[Site "Chess.com"]
[Date "2024.03.12"]
[Round "7"]
[White "masnyszachistaaa"]
[Black "olgerts_indricans"]
[Result "1-0"]
[WhiteElo "2553"]
[BlackElo "2406"]
[TimeControl "180+1"]
[EndTime "15:16:37 PDT"]
[Termination "masnyszachistaaa won by resignation"]

1. e4 c5 2. Ne2 e6 3. Nbc3 Nc6 4. d4 cxd4 5. Nxd4 Qc7 6. g3 a6 7. Bg2 Nf6 8. O-O Nxd4 9. Qxd4 Bc5 10. Qd3 d6 11. Bg5 Ng4 12. h3 Ne5 13. Qe2 Nc4 14. Rab1 b5 15. Nd1 O-O 16. b3 Na3 17. Rc1 b4 18. c3 a5 19. c4 Bb7 20. Be3 a4 21. Nb2 axb3 22. axb3 Bc6 23. Nd3 Bxe3 24. Qxe3 Rab8 25.
Rfd1 Rb7 26. c5 Bb5 27. Nxb4 dxc5 28. Rxc5 Qe7 29. e5 Rc7 30. Rdc1 Rxc5 31. Qxc5 Qd7 32. Nc6 Bxc6 33. Bxc6 Qd2 34. Qxa3 Rc8 35. b4 h5 36. h4 g5 37. hxg5 h4 38. gxh4 Qf4 39. b5 Qxe5 40. b6 Rb8 41. b7 Kh7 42. Qd3+ Kg7 43. Qc3 f6 44. Qxe5 fxe5 45. Be4 Kf7 46. Rc8 1-0

[Event "Late-Titled-Tuesday-Blitz-March-12-2024"]
[Site "Chess.com"]
[Date "2024.03.12"]
[Round "7"]
[White "corvachesky"]
[Black "mestrefeitosa19"]
[Result "1-0"]
[WhiteElo "2498"]
[BlackElo "2309"]
[TimeControl "180+1"]
[EndTime "15:16:37 PDT"]
[Termination "corvachesky won on time"]

1. Nf3 d5 2. d4 Nf6 3. c4 e6 4. Nc3 Be7 5. Bg5 O-O 6. e3 h6 7. Bh4 b6 8. Rc1 Bb7 9. cxd5 Nxd5 10. Bxe7 Qxe7 11. Bd3 c5 12. dxc5 bxc5 13. O-O Nc6 14. a3 Rfd8 15. Qe2 Na5 16. Bb1 c4 17. Qc2 g6 18.
Nd4 Qg5 19. Nxd5 Bxd5 20. f4 Qe7 21. Qc3 Nb7 22. e4 e5 23. exd5 exd4 24. Qxd4 Rac8 25.
Rfe1 Qd6 26. Rxc4 Rxc4 27. Qxc4 Qxd5 28. Re8+ Kg7 29. Qxd5 Rxd5 30. Re7 Nc5 31. Ba2 Rd1+ 32. Kf2 Rd2+ 33. Kf3 Rxb2 34. Rxf7+ Kg8 35. Bd5 1-0

[Event "Late-Titled-Tuesday-Blitz-March-12-2024"]
[Site "Chess.com"]
[Date "2024.03.12"]
[Round "7"]
[White "Matalon"]
[Black "Qingdom"]
[Result "1-0"]
[WhiteElo "2488"]
[BlackElo "2255"]
[TimeControl "180+1"]
[EndTime "15:16:38 PDT"]
[Termination "Matalon won by resignation"]

1. e4 c5 2. Nf3 Nc6 3. d4 cxd4 4. Nxd4 e5 5. Nb5 d6 6. N1c3 a6 7. Na3 Be7 8. Be3 b5 9. Nd5 Rb8 10. c4 b4 11. Nc2 Nf6 12. Bd3 O-O 13. O-O a5 14.
Qe2 Ng4 15. h3 Nxe3 16. Ncxe3 Bg5 17. Nc2 Be6 18. Rad1 Bxd5 19. cxd5 Ne7 20. Ne3 Bxe3 21. Qxe3 Qb6 22. Qxb6 Rxb6 23. Rc1 Rc8 24. Rxc8+ Nxc8 25. Rc1 Rb8 26. Rc6 a4 27. Ba6 Nb6 28. Rxd6 a3 29.
bxa3 bxa3 30. Rc6 Kf8 31. Rc7 Na8 32. Rc3 Ke7 33. Rxa3 Nc7 34. Bd3 Kd6 35. Kf1 Rb2 36. Bc4 Rb4 37. Rc3 g6 38. Bb3 Nb5 39. Rc4 Rxc4 40. Bxc4 Nc3 41. Ke1 Nxe4 42. f3 Nf6 43. Kd2 Kc5 44. Bb3 Kd4 45. a4 Ne8 46. a5 Kc5 47. Kc3 Kb5 48. Ba4+ Kxa4 49. a6 Nd6 50.
a7 Nb5+ 51. Kc4 Nxa7 52. Kc5 Nb5 53. d6 Nd4 54. d7 f6 55. Kd6 Nf5+ 56. Ke6 Nd4+ 57.
Kd5 1-0

[Event "Late-Titled-Tuesday-Blitz-March-12-2024"]
[Site "Chess.com"]
[Date "2024.03.12"]
[Round "7"]
[White "grandcoach"]
[Black "cthake"]
[Result "1/2-1/2"]
[WhiteElo "2191"]
[BlackElo "1741"]
[TimeControl "180+1"]
[EndTime "15:16:38 PDT"]
[Termination "Game drawn by repetition"]

1. e4 c5 2. b4 cxb4 3. a3 bxa3 4. d4 d6 5. Bd3 g6 6. Ne2 Bg7 7. O-O Nc6 8. c3 Bd7 9. f4 Nf6 10. Nxa3 O-O 11. f5 a6 12. Nc2 b5 13. Qe1 Qc7 14. Qh4 e5 15. Bg5 Nh5 16. f6 Bh8 17. Rf3 exd4 18.
cxd4 Qc8 19. Rg3 Nxg3 20. Nxg3 Nxd4 21. Nxd4 Qc3 22. Ngf5 Qxa1+ 23. Bf1 Bxf5 24. Nxf5 h5 25.
Ne7+ Kh7 26. h3 Rac8 27. Nxc8 Rxc8 28. Qf2 Qe5 29. h4 Rc5 30. Qf3 d5 31. exd5 Rxd5 32. g3 Qd4+ 33. Kg2 Qb2+ 34. Kh3 Qe5 35. Kg2 Qb2+ 36.
Kh3 Qe5 37. Kg2 Qe6 38. Kh2 Qe5 39. Kg2 1/2-1/2

[Event "Late-Titled-Tuesday-Blitz-March-12-2024"]
[Site "Chess.com"]
[Date "2024.03.12"]
[Round "7"]
[White "ATM622"]
[Black "ChessSwole"]
[Result "1-0"]
[WhiteElo "2490"]
[BlackElo "2668"]
[TimeControl "180+1"]
[EndTime "15:16:39 PDT"]
[Termination "ATM622 won on time"]

1. d4 d5 2. c4 e6 3. Nf3 Nf6 4. g3 Be7 5. Bg2 O-O 6. O-O dxc4 7.
Ne5 Qd6 8. Nxc4 Qa6 9. b3 Rd8 10. Bb2 c5 11. e3 Nc6 12. Bxc6 bxc6 13. Nbd2 cxd4 14. Bxd4 c5 15. Bb2 Bb7 16. f3 Nd5 17. Qe2 Rac8 18. Rfd1 Ba8 19. Rac1 Nb4 20. Ne4 Bxe4 21. fxe4 Qxa2 22. Qg4 Bf8 23. Rxd8 Rxd8 24. h4 Qxb3 25. Bf6 Rb8 26. h5 Nd3 27. Bxg7 f5 28. exf5 exf5 29. Qg5 Bxg7 30. h6 Qb7 31. Nd6 Qd7 32. Rd1 Ne5 33. Rf1 Rf8 34. Nxf5 Ng6 35. hxg7 Re8 36. Qf6 1-0

[Event "Late-Titled-Tuesday-Blitz-March-12-2024"]
[Site "Chess.com"]
[Date "2024.03.12"]
[Round "7"]
[White "Roedor"]
[Black "KorolDimitriy75"]
[Result "0-1"]
[WhiteElo "2269"]
[BlackElo "2423"]
[TimeControl "180+1"]
[EndTime "15:16:40 PDT"]
[Termination "KorolDimitriy75 won on time"]

1. c4 c5 2. g3 g6 3. Bg2 Bg7 4. Nc3 Nc6 5. Nf3 Nh6 6. d4 cxd4 7. Bxh6 Bxh6 8. Nxd4 Bg7 9. Nc2 Qa5 10. O-O Bxc3 11.
bxc3 Qxc3 12. Ne3 O-O 13. Rc1 Qa5 14. h4 d6 15. Nd5 Qxa2 16. h5 Bd7 17. Rc2 Qa5 18. Qc1 Rac8 19. Qg5 Rfe8 20. Rb1 b6 21. Be4 Qc5 22. hxg6 hxg6 23. Bxg6 fxg6 24. Qxg6+ Kf8 25.
Rb5 Qd4 26. Rc3 Ne5 27. Qh6+ Kg8 28. Qg5+ Kf7 29. Qh5+ Kg7 30. Qg5+ Ng6 31. Nf4 Qxc3 32. Qxg6+ Kf8 33. Rh5 Rxc4 0-1

[Event "Late-Titled-Tuesday-Blitz-March-12-2024"]
[Site "Chess.com"]
[Date "2024.03.12"]
[Round "7"]
[White "Kostukov_Alex"]
[Black "Synctel"]
[Result "0-1"]
[WhiteElo "2286"]
[BlackElo "1928"]
[TimeControl "180+1"]
[EndTime "15:16:41 PDT"]
[Termination "Synctel won by checkmate"]

1. g3 Nf6 2. Bg2 d5 3. d3 Bf5 4.
Nc3 c6 5. e4 dxe4 6. Nxe4 e6 7.
Qe2 Nbd7 8. Nf3 h6 9. O-O Be7 10. Bd2 O-O 11. Bc3 Nd5 12. Bd2 N7f6 13. Rad1 Bh7 14.
a3 a5 15. Rfe1 Re8 16. c3 Qb6 17. Bc1 a4 18. h3 Rad8 19. Ne5 Nxe4 20. Bxe4 Bxe4 21.
Qxe4 Bf6 22. Ng4 Be7 23. d4 Bf8 24. Ne5 Nf6 25. Qe2 Rd5 26. Qf3 Red8 27. Kg2 Qc7 28. Bxh6 c5 29. Bg5 Be7 30. Bxf6 Bxf6 31. Ng4 cxd4 32. Nxf6+ gxf6 33. Qxf6 dxc3 34. Rxd5 Rxd5 35. Re4 Qc6 36. Kh2 Rf5 37. Rg4+ Kf8 38. Qd8+ Qe8 39.
Rg8+ Kxg8 40. Qxe8+ Kg7 41. Qe7 Rxf2+ 42. Kg1 cxb2 43. Qg5+ Kf8 44. Qc5+ Kg8 45. Qb4 Rc2 46. Qh4 b1=Q# 0-1

[Event "Late-Titled-Tuesday-Blitz-March-12-2024"]
[Site "Chess.com"]
[Date "2024.03.12"]
[Round "7"]
[White "Msb2"]
[Black "Firouzja2003"]
[Result "0-1"]
[WhiteElo "3028"]
[BlackElo "3144"]
[TimeControl "180+1"]
[EndTime "15:16:42 PDT"]
[Termination "Firouzja2003 won by checkmate"]

1. d4 Nf6 2. c4 g6 3. Nc3 Bg7 4.
e4 d6 5. Nf3 O-O 6. Be2 e5 7.
Be3 Ng4 8. Bg5 f6 9. Bh4 Qe8 10. h3 Nh6 11. O-O Nc6 12. c5 dxc5 13. Bc4+ Kh8 14. dxc5 Qe7 15. Nd5 Qxc5 16. Rc1 Qd6 17. Qe2 g5 18. Bg3 g4 19. hxg4 Bxg4 20. Rfd1 f5 21. Ne3 Qg6 22. Nxg4 Qxg4 23. Bd5 f4 24. Bh2 Rf6 25. Bxc6 Rg6 26. g3 bxc6 27. Rc3 Rf8 28. Rcd3 Rgf6 29. Kg2 Nf7 30. Ng1 Qg6 31. Kh1 Ng5 32.
gxf4 exf4 33. f3 Qh5 34. Qg2 Rg6 35. Qe2 Ne6 36. Rd7 Rg8 37. Rf7 Rxg1+ 38. Rxg1 Qxf7 39. Qc4 Bd4 40. Rxg8+ Kxg8 41. Qa6 h6 42. Qxa7 Bxa7 43.
Bxf4 Nxf4 44. b4 Qh5# 0-1

[Event "Late-Titled-Tuesday-Blitz-March-12-2024"]
[Site "Chess.com"]
[Date "2024.03.12"]
[Round "7"]
[White "ccccvhhhj"]
[Black "Mikhail_Golubev"]
[Result "0-1"]
[WhiteElo "2469"]
[BlackElo "2683"]
[TimeControl "180+1"]
[EndTime "15:16:42 PDT"]
[Termination "Mikhail_Golubev won on time"]

1. e4 c5 2. Nf3 Nc6 3. d4 cxd4 4. Nxd4 Nf6 5. Nc3 d6 6. Bg5 e6 7. Qd2 a6 8. O-O-O Bd7 9. f4 Be7 10. Nxc6 Bxc6 11. e5 dxe5 12. Qe1 Nd7 13. Bxe7 Qxe7 14. fxe5 Qg5+ 15. Kb1 Qxe5 16. Qh4 O-O 17. Bd3 h6 18.
Rhe1 Qf6 19. Qh3 Nc5 20. Rf1 Qg5 21. g3 Rad8 22. Be2 Ne4 23. Nxe4 Bxe4 24. a3 Rd2 25. Rxd2 Qxd2 26. Bd1 Rc8 27. Qg4 Bxc2+ 28. Bxc2 Rxc2 29. Ka1 Rxb2 30. Qc4 Rc2 31. Qb3 Qd4+ 32. Kb1 Rc3 0-1

[Event "Late-Titled-Tuesday-Blitz-March-12-2024"]
[Site "Chess.com"]
[Date "2024.03.12"]
[Round "7"]
[White "HaryKane"]
[Black "YEIKO2017"]
[Result "1-0"]
[WhiteElo "2600"]
[BlackElo "2448"]
[TimeControl "180+1"]
[EndTime "15:16:42 PDT"]
[Termination "HaryKane won by checkmate"]

1. d4 Nf6 2. e3 g6 3. f4 Bg7 4. Nf3 O-O 5. Bd3 d6 6. e4 d5 7. e5 Ne4 8. Nbd2 Bf5 9. Qe2 Nxd2 10. Bxd2 Bxd3 11. Qxd3 e6 12. h4 c5 13. h5 Nc6 14. dxc5 a5 15. a3 Qe7 16. Qb5 f6 17. hxg6 hxg6 18. exf6 Bxf6 19. O-O-O Kg7 20. f5 Rh8 21. fxg6 e5 22. Rh7+ Rxh7 23. gxh7 e4 24. Nh2 Kxh7 25. Ng4 Bg7 26. Rh1+ Kg8 27. Nh6+ Bxh6 28.
Bxh6 e3 29. Qd3 Qe4 30. Qxe4 dxe4 31. Bxe3 Kg7 32. Rd1 Kf6 33. Rd7 Rg8 34. Rxb7 Ke6 35. Rb6 Kd7 36. Rb7+ Ke6 37. Rh7 Ne5 38. Rh6+ Kd5 39.
Rd6+ Kc4 40. b3+ Kb5 41. Rb6# 1-0

[Event "Late-Titled-Tuesday-Blitz-March-12-2024"]
[Site "Chess.com"]
[Date "2024.03.12"]
[Round "7"]
[White "Thjop"]
[Black "janhelmer03"]
[Result "1-0"]
[WhiteElo "2661"]
[BlackElo "2396"]
[TimeControl "180+1"]
[EndTime "15:16:44 PDT"]
[Termination "Thjop won on time"]

1. e4 c5 2. Nf3 d6 3. d4 cxd4 4. Nxd4 Nf6 5. Nc3 g6 6. Be3 Bg7 7. f3 O-O 8. Qd2 Nc6 9. O-O-O d5 10. exd5 Nxd5 11. Nxc6 bxc6 12. Bd4 e5 13. Bc5 Re8 14. Ne4 Qc7 15. h4 f5 16. Nd6 Rd8 17. Nxc8 Raxc8 18. h5 Nb6 19. Bxb6 Rxd2 20. Bc4+ Kf8 21. Bxc7 Rxd1+ 22. Rxd1 Rxc7 23. hxg6 hxg6 24. Rd6 Bh6+ 25. Kd1 Kg7 26. c3 Bg5 27. Kc2 Be7 28. Re6 Bf6 29. b4 c5 30.
b5 Rd7 31. a4 Rc7 32. a5 Rd7 33. b6 axb6 34. axb6 Bd8 35. Ba6 Kf7 36. Rc6 Ke7 37. b7 Bc7 38. Rxc7 1-0

[Event "Late-Titled-Tuesday-Blitz-March-12-2024"]
[Site "Chess.com"]
[Date "2024.03.12"]
[Round "7"]
[White "MyDream003"]
[Black "newyorkmouse"]
[Result "1-0"]
[WhiteElo "2772"]
[BlackElo "2581"]
[TimeControl "180+1"]
[EndTime "15:16:45 PDT"]
[Termination "MyDream003 won on time"]

1. c4 b6 2. Nc3 Bb7 3. e4 e6 4. Nf3 g6 5. d4 Bg7 6. Be2 Ne7 7.
O-O O-O 8. Qc2 d6 9. Bg5 h6 10. Be3 Nd7 11. Rfd1 a6 12. Rac1 Kh7 13. c5 bxc5 14. dxc5 d5 15. h4 Qe8 16. h5 dxe4 17. Nxe4 Ne5 18. Bd4 Nxf3+ 19. Bxf3 Bxd4 20. Rxd4 f5 21. Nd6 cxd6 22. Bxb7 dxc5 23. Qxc5 Rb8 24. hxg6+ Nxg6 25. Bxa6 Rxb2 26. Rb4 Rxa2 27. Bc4 Ra8 28. Re1 Rc8 29.
Rb7+ Kh8 30. Qd4+ e5 31. Qa7 Ne7 32. Rxe7 Qg6 33. Bf7 Qg5 34. Be6 Qg6 35. Bxc8 Rxc8 36. Qe3 1-0

[Event "Late-Titled-Tuesday-Blitz-March-12-2024"]
[Site "Chess.com"]
[Date "2024.03.12"]
[Round "7"]
[White "finec2"]
[Black "IraZyne"]
[Result "1-0"]
[WhiteElo "2212"]
[BlackElo "2331"]
[TimeControl "180+1"]
[EndTime "15:16:45 PDT"]
[Termination "finec2 won by resignation"]

1. e4 Nf6 2. e5 Nd5 3. d4 d6 4. c4 Nb6 5. f4 dxe5 6. fxe5 c5 7. d5 e6 8. Nc3 exd5 9. cxd5 c4 10. Nf3 Bc5 11. Bxc4 O-O 12. Bb3 Bg4 13. Bf4 N8d7 14. Ne4 Re8 15. Nxc5 Nxc5 16. O-O Nxb3 17. Qxb3 Qxd5 18.
Qxd5 Nxd5 19. Bg3 h6 20. Rfd1 Rad8 21. Rd4 Be6 22. Rad1 Kf8 23. h3 Rc8 24. Rxd5 Bxd5 25. Rxd5 Rc2 26. Rd2 Rc1+ 27. Kf2 Rec8 28. Nd4 Ke7 29.
Bh4+ Kf8 30. Nf5 Re8 31. Bg3 h5 32. h4 g6 33. Nd4 Rd8 34. Ne6+ fxe6 35. Rxd8+ Ke7 36.
Rd2 Ra1 37. a3 Rc1 38. Bf4 Rc4 39. Bg5+ 1-0

[Event "Late-Titled-Tuesday-Blitz-March-12-2024"]
[Site "Chess.com"]
[Date "2024.03.12"]
[Round "7"]
[White "CarlosjPineror"]
[Black "AccioChess"]
[Result "0-1"]
[WhiteElo "2560"]
[BlackElo "2451"]
[TimeControl "180+1"]
[EndTime "15:16:47 PDT"]
[Termination "AccioChess won by resignation"]

1. e4 e5 2. Nf3 Nc6 3. Bb5 Nf6 4. d3 Bc5 5. c3 d6 6. h3 O-O 7. O-O Ne7 8. Re1 Ng6 9. Nbd2 c6 10. Ba4 b5 11.
Bb3 a5 12. a4 h6 13. Nf1 Be6 14. Ng3 Qd7 15. d4 Bxb3 16. Qxb3 exd4 17. cxd4 Bb4 18. Bd2 Bxd2 19. Nxd2 Rfe8 20. Nf3 Re6 21. e5 dxe5 22. dxe5 Ne8 23. axb5 cxb5 24. Rad1 Qb7 25. Nf5 b4 26. N5d4 Re7 27. e6 fxe6 28. Rxe6 Rxe6 29.
Qxe6+ Kh7 30. h4 Nf6 31. b3 Qe4 32. Qc6 Nf4 33. Qb5 Rd8 34. Re1 Qd5 35. Qb6 Rd6 36.
Re5 Qxe5 37. Nxe5 Rxb6 38. Nc4 Ra6 39. g3 N4d5 40. Nb5 a4 0-1

[Event "Late-Titled-Tuesday-Blitz-March-12-2024"]
[Site "Chess.com"]
[Date "2024.03.12"]
[Round "7"]
[White "Fandorine"]
[Black "FairChess_on_YouTube"]
[Result "0-1"]
[WhiteElo "2955"]
[BlackElo "3116"]
[TimeControl "180+1"]
[EndTime "15:16:48 PDT"]
[Termination "FairChess_on_YouTube won by resignation"]

1. d4 d5 2. c4 c6 3. Nf3 Nf6 4. Nc3 a6 5. g3 b5 6. b3 Bf5 7. Bg2 Ne4 8. Bb2 e6 9. O-O Be7 10. Ne5 Nxc3 11. Bxc3 O-O 12. a4 b4 13. Bb2 a5 14. Rc1 f6 15. Nd3 Nd7 16. Re1 Bxd3 17. exd3 e5 18. cxd5 c5 19. d6 Bxd6 20. dxc5 Nxc5 21.
d4 exd4 22. Bxa8 Qxa8 23. Bxd4 Ne4 24. Qf3 f5 25. Rcd1 Qc6 26. h4 Bb8 27. Rc1 Qd5 28. Red1 Qe6 29. Qd3 Qg6 30. Be5 Bxe5 31. Qd5+ Kh8 32.
Qxe5 Nc3 33. Rd7 f4 34. h5 Qg4 35. h6 Qxd7 0-1

[Event "Late-Titled-Tuesday-Blitz-March-12-2024"]
[Site "Chess.com"]
[Date "2024.03.12"]
[Round "7"]
[White "ansko1999"]
[Black "imdvb6307"]
[Result "0-1"]
[WhiteElo "2676"]
[BlackElo "2514"]
[TimeControl "180+1"]
[EndTime "15:16:48 PDT"]
[Termination "imdvb6307 won by checkmate"]

1. Nf3 d5 2. g3 c6 3. Bg2 Bg4 4.
h3 Bxf3 5. exf3 e6 6. O-O g6 7. d3 Bg7 8. Nc3 Nd7 9. f4 Ne7 10. Ne2 c5 11. c3 O-O 12. g4 f5 13. Re1 Nc6 14. Ng3 Re8 15. Qb3 Na5 16. Qc2 Nf6 17. g5 Nd7 18. Bd2 Nc6 19. Qb3 Na5 20.
Qa3 c4 21. Qa4 Nc5 22. Qc2 cxd3 23. Qd1 Nc4 24. Rb1 d4 25. cxd4 Bxd4 26. Bc3 Bxc3 27. bxc3 Rb8 28. Nf1 Qc7 29. Rb4 b5 30. Nd2 a5 31.
Rxc4 bxc4 32. Nxc4 Qxf4 33. Ne5 Rb2 34. Rf1 Qxe5 35.
f4 Qe3+ 36. Kh1 Qe2 37. Rg1 Qxd1 38. Rxd1 Rxa2 39. Bd5 exd5 40. Re1 Rxe1# 0-1